Map: Dusk Towers

Players

Jamie

  • Race: Zerg Zerg
  • League: Master

MorN - Winner!

  • Race: Terran Terran
  • League: Master

VOD

Have the link to the VOD?

Description

Time

  • Played on: Dec. 10, 2015, 12:32 p.m.
  • Length: 4:24
Show
View Real Time Build Order
Export as new Build Order

Jamie Zerg 

Build Orders: Hatch First 

Get SALT Encoding   

  12  0:01  Drone  
  13  0:07  Drone  
  14  0:17  Overlord  
  14  0:26  Extractor  
  14  0:27  Drone  
  15  0:35  Drone x2  
  17  0:44  Drone  
  18  0:58  Hatchery  
  18  1:03  Drone  
  18  1:12  Spawning Pool  
  18  1:17  Drone x2  
  19  1:26  Drone  
  20  1:37  Overlord  
  20  1:50  Hatchery  
  19  1:58  Queen  
  19  2:00  Drone  
  23  2:01  Drone  
  23  2:10  Queen  
  25  2:18  Zergling x2  
  25  2:19  Drone  
  27  2:23  Drone x2  
  29  2:34  Queen  
  31  2:43  Overlord  
  31  2:46  Queen  
  31  2:47  Overlord  
  33  3:05  Zergling x8  
  32  3:06  Zergling x4  
  32  3:10  Zergling x6  
  35  3:29  Zergling x8  
  35  3:30  Zergling x2  
  35  3:44  Zergling x6  
  35  3:45  Queen  
  38  3:55  Zergling x4  
  37  3:58  Spine Crawler  
  38  4:05  Zergling x4  
Show
View Real Time Build Order
Export as new Build Order

MorN Terran - Winner!

Build Orders:  

Get SALT Encoding   

  12  0:00  SCV  
  13  0:12  SCV  
  14  0:17  Supply Depot  
  14  0:24  SCV  
  15  0:39  SCV  
  15  0:41  Barracks  
  16  0:53  SCV  
  17  0:59  Barracks  
  17  1:11  Barracks  
  17  1:14  SCV  
  18  1:28  Marine  
  18  1:29  Supply Depot  
  18  1:30  SCV  
  20  1:42  SCV  
  20  1:45  Marine  
  20  1:46  Marine  
  23  1:55  Orbital Command  
  23  1:58  Marine  
  24  2:03  Marine x2  
  26  2:10  Supply Depot  
  26  2:16  Marine  
  26  2:20  SCV  
  26  2:21  Marine  
  29  2:23  Marine  
  30  2:33  SCV  
  30  2:34  Marine  
  32  2:38  Supply Depot  
  32  2:39  Marine  
  32  2:42  Marine  
  34  2:51  Marine  
  34  2:54  Bunker  
  34  2:57  Marine  
  36  2:58  Bunker  
  36  3:06  Marine  
  36  3:09  Marine  
  38  3:14  Marine  
  38  3:15  Bunker  
  39  3:24  Marine  
  37  3:27  Marine  
  37  3:32  Marine  
  33  3:42  Marine  
  33  3:45  Marine  
  35  3:50  Command Center, Marine  
  36  4:00  Marine  
  37  4:03  Refinery, Marine  
  37  4:04  Refinery  
Tags
 
Add a new tag
Caveats
  • Supply blocks, unpowered buildings, or Contaminate may cause inaccurate times.
  • Supply counts are checked every 10 seconds.